 Dungeon Crawl Stone Soup version 0.17.1-3-g152610e (webtiles) character file.

44 Charly the Insei (level 3, 15/15 HPs)
             Began as a Vine Stalker Transmuter on May 3, 2016.
             Quit the game on level 4 of the Dungeon.
             The game lasted 00:06:50 (389 turns).

Charly the Insei (Vine Stalker Transmuter)           Turns: 389, Time: 00:06:51

Health: 15/15      AC:  3    Str: 12    XL:     3   Next: 62%
Magic:  7/7        EV: 12    Int: 14    God:
Gold:   53         SH:  0    Dex: 14    Spells: 2 memorised, 1 level left

rFire  . . .     SeeInvis .       - Unarmed
rCold  . . .     Clarity  .     b - +0 robe
rNeg   . . .     SustAt   .     (no shield)
rPois  .         Gourm    .     (no helmet)
rElec  .         Spirit   +     (no cloak)
rCorr  .         Warding  .     e - +0 pair of gloves
rMut   .         Stasis   .     (no boots)
MR     .....                    (no amulet)
Stlth  +.........               (no ring)
                                (no ring)

@: not resistant to hostile enchantments, very unstealthy
A: fangs 2, talons 1, blurry vision 1, frail 1, regeneration 1, magic shield,
antimagic bite, no device heal 3, rot immunity
a: no special abilities


You were on level 4 of the Dungeon.
You were not hungry.

You visited 1 branch of the dungeon, and saw 4 of its levels.

You collected 53 gold pieces.

Inventory:

Missiles
 a - 11 arrows
Armour
 b - a +0 robe (worn)
 e - a +0 pair of gloves (worn)
Books
 c - a book of Changes

   Spells                             Type                      Level
   a - Beastly Appendage              Transmutation                1
   b - Sticks to Snakes               Transmutation                2
   c - Spider Form                    Transmutation/Poison         3
   d - Ice Form                       Ice/Transmutation            4
   e - Blade Hands                    Transmutation                5
Comestibles
 d - 2 bread rations


   Skills:
 - Level 0.8 Fighting
 - Level 1.5 Dodging
 + Level 3.9 Unarmed Combat
 - Level 2.1 Spellcasting
 - Level 2.9 Transmutations


You had one spell level left.
You knew the following spells:

 Your Spells              Type           Power        Failure   Level  Hunger
s - Sticks to Snakes      Trmt           #.........   14%         2    ###....
S - Spider Form           Trmt/Pois      #.........   38%         3    ###....


Dungeon Overview and Level Annotations

Branches:
Dungeon (4/15)
 Temple: D:4-7

Altars:
Ashenzari


Innate Abilities, Weirdness & Mutations

You have extremely sharp teeth.
Your natural rate of healing is unusually fast.
When hurt, damage is shared between your health and your magic reserves.
Your bite disrupts and absorbs the magic of your enemies.
Potions and wands cannot restore your health.
You are immune to rotting.
You have sharp toenails.
Scrolls take you a little longer to read.
You are frail (-10% HP).


Message History

Drop what? 8/52 slots (_ for help) (? for menu, Esc to quit)
Okay, then.
Read which item? (? for menu, Esc to quit)
As you read the scroll labeled TEIKAYJULA, it crumbles to dust.
Forget which spell ([?*] list [ESC] exit)?
Your memory of Beastly Appendage unravels.
It was a scroll of amnesia.
Read which item? (? for menu, Esc to quit)
As you read the scroll labeled XAIPRU RAYREO, it crumbles to dust.
It is a scroll of identify.
Identify which item? (\ to view known items) (? for menu, Esc to quit)
f - a potion of mutation Drink which item? (? for menu, Esc to quit)
You feel extremely strange.
Your toenails lengthen and sharpen.
You feel frail.
Your vision blurs.
Are you sure you want to abandon this character and quit the game? (Confirm with "yes".)
Okay, then.
Found 7 gold pieces.
Found 23 stones.
Are you sure you want to abandon this character and quit the game? (Confirm with "yes".)

### .. ..#
#.# #.# #.#
#(# ###.# #.#
.... #.#
#.#########@#
#..........$#
#..##########
#..# #..#
#..# #..#
#..# #..#


There were no monsters in sight!

Vanquished Creatures
  A gnoll (D:1)
  A worm (D:3)
  3 orcs (D:3)
  A ball python (D:3)
  4 bats
  3 goblins
  3 hobgoblins
  A kobold (D:3)
  A quokka (D:2)
  A rat (D:3)
19 creatures vanquished.

Vanquished Creatures (collateral kills)
  An adder (D:2)
1 creature vanquished.

Grand Total: 20 creatures vanquished

Notes
Turn   | Place    | Note
--------------------------------------------------------------
     0 | D:1      | Charly the Vine Stalker Transmuter began the quest for the Orb.
     0 | D:1      | Reached XP level 1. HP: 9/9 MP: 4/4
    51 | D:1      | Reached XP level 2. HP: 3/14 MP: 3/6
    55 | D:1      | Learned a level 2 spell: Sticks to Snakes
    70 | D:1      | You fall through a shaft!
   160 | D:2      | Reached XP level 3. HP: 17/17 MP: 7/7
   165 | D:2      | Learned a level 3 spell: Spider Form
   305 | D:3      | Found a shattered altar of Ashenzari.
   378 | D:4      | Gained mutation: You have sharp toenails. [potion of mutation]
   378 | D:4      | Gained mutation: You are frail (-10% HP). [potion of mutation]
   378 | D:4      | Gained mutation: Scrolls take you a little longer to read. [potion of mutation]
   389 | D:4      | Quit the game

Action                   || total
-------------------------++-------
Melee: Unarmed           ||    69
 Cast: Sticks to Snakes  ||     1
       Spider Form       ||     2
  Use: Scroll            ||     2
       Potion            ||     1
  Eat: Beef jerky        ||     1
